 Dungeon Crawl Stone Soup version 0.30-a0-165-g1891117ce2 (webtiles) character file.

Game seed: 2707185497304186761

28 ragingrage the Gusty (level 3, 0/19 HPs)
             Began as a Tengu Air Elementalist on Sept 29, 2022.
             Slain by an adder (1 damage)
             ... on level 2 of the Dungeon.
             The game lasted 00:01:05 (1074 turns).

ragingrage the Gusty (Tengu Air Elementalist)       Turns: 1074, Time: 00:01:06

Health: 0/19       AC:  2    Str:  8    XL:     3   Next: 12%
Magic:  1/7        EV: 12    Int: 17    God:
Gold:   54         SH:  0    Dex: 14    Spells: 3/6 levels left

rFire   . . .      SeeInvis .    e - +0 short sword
rCold   . . .      Faith    .    (no shield)
rNeg    . . .      Spirit   .    a - +0 robe
rPois   .          Reflect  .    (helmet restricted)
rElec   .          Harm     .    (no cloak)
rCorr   .          Rampage  .    (no gloves)
Will    .....                    (boots unavailable)
Stlth   ++........               (no amulet)
HPRegen 0.06/turn                (no ring)
MPRegen 0.10/turn                (no ring)

@: lethally poisoned (0 -> -4), attractive, flying
A: beak, talons 3
a: no special abilities


You were on level 2 of the Dungeon.
You visited 1 branch of the dungeon, and saw 2 of its levels.

You collected 54 gold pieces.

Inventory:

Hand Weapons
 e - a +0 short sword (weapon)
Missiles
 d - 2 throwing nets
Armour
 a - a +0 robe (worn)
Scrolls
 c - 3 scrolls of identify {unknown}
 f - 3 scrolls of silence {unknown}
 i - 3 scrolls of teleportation {unknown}
Potions
 g - 2 potions of attraction


   Skills:
 - Level 2.1 Dodging
 - Level 2.0 Stealth
 + Level 2.4 Spellcasting
 + Level 2.5 Conjurations
 + Level 4.5 Air Magic


You had 3 spell levels left.
You knew the following spells:

 Your Spells              Type           Power      Damage    Failure   Level
a - Shock                 Conj/Air       56%        1d6       4%          1
b - Static Discharge      Conj/Air       28%        2-4/arc   6%          2

Your spell library contained the following spells:

 Spells                   Type           Power      Damage    Failure   Level
 Swiftness                Air            17%        N/A       9%          3
 Portal Projectile        Hex/Tloc       4%         N/A       50%         3
 Tukima's Dance           Hex            2%         N/A       50%         3
 Airstrike                Air            8%         2d(2-18)  28%         4
 Blade Hands              Tmut           1%         N/A       99%         5


Dungeon Overview and Level Annotations

Branches:
Dungeon (2/15)

Altars:


Innate Abilities, Weirdness & Mutations

You have a beak for a mouth.
You have claws for feet.


Message History

Magic courses through your body. The adder bites you.
You are poisoned.
The adder poisons you!
Casting: Shock (safe; 4% risk of failure)
Confirm with . or Enter, or press ? or * to list all spells.
The adder is struck by an arc of lightning.
The adder is lightly wounded.
You are struck by an arc of lightning.
The lightning grounds out.
You feel sick. The adder bites you.
You are more poisoned.
The adder poisons you!
Casting: Static Discharge (safe; 6% risk of failure)
Confirm with . or Enter, or press ? or * to list all spells.
The adder is struck by an arc of lightning.
The adder is moderately wounded.
You are struck by an arc of lightning.
The lightning grounds out.
You feel sick. The adder bites you. The adder closely misses you.
Casting: Static Discharge (safe; 6% risk of failure)
Confirm with . or Enter, or press ? or * to list all spells.
The adder is struck by an arc of lightning.
The adder is severely wounded.
You are struck by an arc of lightning.
* * * LOW HITPOINT WARNING * * *
The lightning grounds out.
* * * LOW HITPOINT WARNING * * *
You feel sick. The adder bites you.
* * * LOW HITPOINT WARNING * * *
Casting: Static Discharge (safe; 6% risk of failure)
Confirm with . or Enter, or press ? or * to list all spells.
You don't have enough magic to cast this spell.
Unknown command.
Casting: Static Discharge (safe; 6% risk of failure)
Confirm with . or Enter, or press ? or * to list all spells.
Aiming: Shock (safe; 4% risk of failure)
Press: ? - help, Shift-Dir - straight line, f - adder
Aim: an adder (severely wounded, 53% to hit)
The zap misses the adder.
* * * LOW HITPOINT WARNING * * *
You feel sick. The adder bites you.
You die...

#.# ...P.. #.#
..8.P..## #.#
.....P......####.##
P..P..............#
.P...S..########..#
....#..# #..#
#.##.)..########..#
......?......S@...#
.####..#########.#
#...........# #.#
#.####..###.# #.#
#..###.#####.#
#............#
##.###.####### #.#
#.######## #.#
#.........


You could see an adder.

Vanquished Creatures
  2 dart slugs (D:1)
  An endoplasm (D:2)
  2 giant cockroaches (D:1)
  2 hobgoblins
  A quokka (D:1)
  2 ball pythons
  A bat (D:2)
  4 goblins
  5 kobolds
  A rat (D:1)
21 creatures vanquished.

Vanquished Creatures (others)
  4 fungi (D:2)
4 creatures vanquished.

Grand Total: 25 creatures vanquished

Notes
Turn   | Place    | Note
-------+----------+-------------------------------------------
     0 | D:1      | ragingrage the Tengu Air Elementalist began the quest for
                  | the Orb.
     0 | D:1      | Reached XP level 1. HP: 10/10 MP: 4/4
   185 | D:1      | Reached XP level 2. HP: 15/15 MP: 0/6
   775 | D:2      | Learned a level 2 spell: Static Discharge
   902 | D:2      | Reached XP level 3. HP: 19/19 MP: 4/7
  1074 | D:2      | Slain by an adder

Illustrated notes

Levels and vault maps discovered:
D:1:      minmay_arrival_cross, layout_rooms
D:2:      layout_loops_ring, basic_altar, dreamdust_mushroom_princess

Skill      XL: |  1  2 |
---------------+-------+-----
Conjurations   | 2 |  2.5
Dodging        | |  2.1
Stealth        | |  2.0
Spellcasting   | |  2.4
Air Magic      | |  4.5

Action                   || total
-------------------------++-------
Melee: Short sword       ||     4
 Cast: Shock             ||    48
       Static Discharge  ||     3
  Use: Potion            ||     3
Armor: Robe              ||     7
Dodge: Dodged            ||    10

Table legend: (Time is in decaauts)
 A = Elapsed time spent in this place.
 B = Non-inter-level travel time spent in this place.
 C = Inter-level travel time spent in this place.
 D = Time resting spent in this place.
 E = Time spent auto-exploring this place.
 F = Levels seen in this place.
 G = Mean time per level.
                   A        B        C        D        E       F      G
               +--------+--------+--------+--------+--------+-----+--------+
         Total |   1073 |   1046 |     27 |     80 |    819 |   2 |  536.5 |
       Dungeon |   1073 |   1046 |     27 |     80 |    819 |   2 |  536.5 |
               +--------+--------+--------+--------+--------+-----+--------+

Top non-repeatable levels by time:
     D:1: 717 daAuts
     D:2: 355 daAuts
